 Dungeon Crawl Stone Soup version 0.28-a0-1334-g1c9ffb4daf (webtiles) character file.

Game seed: 4400368193767325982

106 Cheeritup the Grave Robber (level 4, -5/33 HPs)
             Began as a Ghoul Necromancer on Dec 27, 2021.
             Slain by Sigmund (10 damage)
             ... on level 3 of the Dungeon.
             The game lasted 00:07:00 (2791 turns).

Cheeritup the Grave Robber (Ghoul Necromancer)      Turns: 2791, Time: 00:07:01

Health: -5/33      AC:  6    Str: 11    XL:     4   Next: 84%
Magic:  3/7        EV: 10    Int: 12    God:
Gold:   69         SH:  0    Dex:  9    Spells: 6/8 levels left

rFire   . . .      SeeInvis .   (no weapon)
rCold   + . .      Faith    .   (no shield)
rNeg    + + +      Spirit   .   k - +0 ring mail
rPois   ∞          Reflect  .   (no helmet)
rElec   .          Harm     .   i - +0 cloak
rCorr   .          Rampage  .   (no gloves)
Will    .....                   (no boots)
Stlth   +.........              (no amulet)
HPRegen 0.00/turn               (no ring)
MPRegen 0.10/turn               (no ring)

@: inhibited regen
A: claws 1, cold resistance 1, negative energy resistance 3, inhibited
regeneration, torment resistance 2
a: no special abilities


You were on level 3 of the Dungeon.
You visited 1 branch of the dungeon, and saw 3 of its levels.

You collected 69 gold pieces.

Inventory:

Missiles
 e - 36 poisoned darts
Armour
 d - a +0 leather armour
 i - a +0 cloak (worn)
 k - a +0 ring mail (worn)
Magical Staves
 h - a staff of cold
Jewellery
 c - a ring of fire
Scrolls
 a - a scroll of immolation
 b - a scroll of brand weapon {unknown}
 f - a scroll of holy word
 j - 3 scrolls of identify
Potions
 g - a potion of heal wounds {unknown}


   Skills:
 - Level 1.7 Dodging
 - Level 2.1 Stealth
 + Level 2.7 Spellcasting
 * Level 5.4 Necromancy


You had 6 spell levels left.
You knew the following spells:

 Your Spells              Type           Power      Damage    Failure   Level
a - Pain                  Necr           56%        1d6       7%          1
b - Animate Skeleton      Necr           28%        N/A       7%          1

Your spell library contained the following spells:

 Spells                   Type           Power      Damage    Failure   Level
 Vampiric Draining        Necr           14%        2d7       21%         3
 Animate Dead             Necr           7%         N/A       54%         4
 Agony                    Necr           14%        N/A       88%         5


Dungeon Overview and Level Annotations

Branches:
Dungeon (3/15)

Altars:

Annotations:
D:3 Sigmund


Innate Abilities, Weirdness & Mutations

You thrive by killing the living.
You are immune to poison.
You have sharp fingernails.
Your flesh is cold resistant. (rC+)
You are immune to negative energy. (rN+++)
You do not regenerate when monsters are visible.
You are immune to unholy pain and torment.


Message History

Your hobgoblin skeleton appears confused.
You closely miss the giant cockroach.
The giant cockroach bites you but does no damage.
Your hobgoblin skeleton barely misses the giant cockroach.
The giant cockroach closely misses you.
You barely miss the giant cockroach. The giant cockroach closely misses you.
You scratch the giant cockroach.
The giant cockroach is moderately wounded.
Something hits you. The giant cockroach bites you.
You scratch the giant cockroach.
The giant cockroach is severely wounded.
The giant cockroach bites you but does no damage.
Something hits you.
You scratch the giant cockroach.
You kill the giant cockroach!
Something hits you!
* * * LOW HITPOINT WARNING * * *
Your hobgoblin skeleton hits you but does no damage.
You completely miss something. Something hits you.
* * * LOW HITPOINT WARNING * * *
Your hobgoblin skeleton hits you but does no damage.
You hear some strange, mumbled words.
You are confused.
Your hobgoblin skeleton seems less confused.
Something barely misses your hobgoblin skeleton.
Are you sure you want to stumble around while confused and next to your hobgoblin skeleton?
Okay, then.
Are you sure you want to stumble around while confused and next to your hobgoblin skeleton?
Okay, then.
You start resting.
Something hits you.
* * * LOW HITPOINT WARNING * * *
Unknown command.
Are you sure you want to stumble around while confused and next to your hobgoblin skeleton?
Uppercase [Y]es or [N]o only, please.
Are you sure you want to stumble around while confused and next to your hobgoblin skeleton?
Are you sure you want to stumble around while confused and next to your hobgoblin skeleton?
You're too confused to move!
You feel less confused. Something hits you!
You die...

#.#..........######
#.#.###............
#.....#......#####
############......# #
..................# #.
#....######......#
#.##....######......###
+...............>.....#
#.........#...@....#
#+#.........#..Z.....#
............[....###.#
.....................#
.......##............#
.......####..........#
..)...........#........
..#...........+..$..###
..#...........#.......


You could see a friendly hobgoblin skeleton.

Vanquished Creatures
  Terence (D:2)
  4 adders
  A worm (D:2)
  4 bats
  5 endoplasms (D:1)
  4 giant cockroaches
  A goblin (D:2)
  5 hobgoblins
  A jackal (D:2)
  4 kobolds
  A quokka (D:2)
  5 ball pythons
  2 rats
38 creatures vanquished.

Notes
Turn   | Place    | Note
-------+----------+-------------------------------------------
     0 | D:1      | Cheeritup the Ghoul Necromancer began the quest for the
                  | Orb.
     0 | D:1      | Reached XP level 1. HP: 14/14 MP: 2/2
     2 | D:1      | Learned a level 1 spell: Animate Skeleton
   283 | D:1      | Reached XP level 2. HP: 20/20 MP: 3/3
  1371 | D:2      | Reached XP level 3. HP: 17/26 MP: 2/5
  1950 | D:2      | Noticed Terence
  1976 | D:2      | Killed Terence
  1977 | D:2      | Reached skill level 5 in Necromancy
  1977 | D:2      | Reached XP level 4. HP: 33/33 MP: 1/6
  2760 | D:3      | Noticed Sigmund
  2791 | D:3      | Slain by Sigmund

Illustrated notes

Levels and vault maps discovered:
D:1:      dpeg_arrival_tiny_h, layout_loops_ring
D:2:      layout_basic, minmay_between, uniq_terence
D:3:      layout_basic, kennysheep_generic_room_2, uniq_sigmund

Skill      XL: |  1  2  3 |
---------------+----------+-----
Spellcasting   | 2 |  2.7
Necromancy     | 5 |  5.4
Dodging        | |  1.7
Stealth        | |  2.1

Action                   |  1- 3 |  4- 6 || total
-------------------------+-------+-------++-------
Melee: Unarmed           |   132 |    35 ||   167
 Cast: Pain              |    25 |    14 ||    39
       Animate Skeleton  |     1 |     1 ||     2
  Use: Scroll            |     3 |       ||     3
 Stab: Sleeping          |     2 |       ||     2
Armor: Robe              |    17 |       ||    17
       Leather armour    |    21 |       ||    21
       Ring mail         |       |    21 ||    21
Dodge: Dodged            |    95 |    38 ||   133

Table legend: (Time is in decaauts)
 A = Elapsed time spent in this place.
 B = Non-inter-level travel time spent in this place.
 C = Inter-level travel time spent in this place.
 D = Time resting spent in this place.
 E = Time spent auto-exploring this place.
 F = Levels seen in this place.
 G = Mean time per level.
                   A        B        C        D        E       F      G
               +--------+--------+--------+--------+--------+-----+--------+
         Total |   2790 |   2757 |     33 |      6 |   2218 |   3 |  930.0 |
       Dungeon |   2790 |   2757 |     33 |      6 |   2218 |   3 |  930.0 |
               +--------+--------+--------+--------+--------+-----+--------+

Top non-repeatable levels by time:
     D:2: 1540 daAuts
     D:1: 1180 daAuts
     D:3: 69 daAuts
